Workbook
Name 資金移動科目: '1_ホーム・初期設定'!$F$5:$F$10
Name 支出科目: '1_ホーム・初期設定'!$J$5:$J$23
Name KessaiList: '1_ホーム・初期設定'!$F$5:$F$10
Name 収入科目: '1_ホーム・初期設定'!$H$5:$H$7

Sheet 1_ホーム・初期設定
A1: 【初期設定・期首残高】
A3: 【貸借対照表(4面)の期首残高(1/1)】 | F3: 【入力用リスト】
A4: 資産の部 | B4: 期首残高 | C4: 負債・資本の部 | D4: 期首残高 | F4: 決済手段 (資金移動科目) | H4: 収入科目 | J4: 支出科目
A5: 現金 | B5: 0 | C5: 支払手形 | D5: 0 | F5: 現金 | H5: 売上(収入)金額 | J5: 仕入金額
A6: 当座預金 | B6: 0 | C6: 買掛金 | D6: 0 | F6: 当座預金 | H6: 家事消費等 | J6: 租税公課
A7: 定期預金 | B7: 0 | C7: 借入金 | D7: 0 | F7: 普通預金 | H7: その他の収入 | J7: 荷造運賃
A8: その他の預金 | B8: 0 | C8: 未払金 | D8: 0 | F8: その他の預金 | J8: 水道光熱費
A9: 受取手形 | B9: 0 | C9: 前受金 | D9: 0 | F9: 個人のクレジットカード | J9: 旅費交通費
A10: 売掛金 | B10: 0 | C10: 預り金 | D10: 0 | F10: 個人の現金・立替 | J10: 通信費
A11: 有価証券 | B11: 0 | C11: 貸倒引当金 | D11: 0 | J11: 広告宣伝費
A12: たな卸資産 | B12: 0 | C12: 事業主借 | D12: 0 | J12: 接待交際費
A13: 前払金 | B13: 0 | C13: 元入金 | D13: 0 | J13: 損害保険料
A14: 貸付金 | B14: 0 | J14: 修繕費
A15: 建物 | B15: 0 | J15: 消耗品費
A16: 建物附属設備 | B16: 0 | J16: 減価償却費
A17: 機械装置 | B17: 0 | J17: 福利厚生費
A18: 車両運搬具 | B18: 0 | J18: 給料賃金
A19: 工具器具備品 | B19: 0 | J19: 外注工賃
A20: 一括償却資産 | B20: 0 | J20: 利子割引料
A21: 無形固定資産 | B21: 0 | J21: 地代家賃
A22: 投資その他の資産 | B22: 0 | J22: 貸倒金
A23: 事業主貸 | B23: 0 | J23: 雑費
H25: スプレッドシート移行時の注意点（連動プルダウン） 「収支区分」の選択によって「取引内容」の選択肢が変わる連動プルダウン機能は、スプレッドシートにインポートした際に上手く動作しなくなるケースが非常に多いです（スプレッドシートとExcelで内部的な参照ルールの処理が若干異なるためです）。
H27: 連動プルダウンが動かなくなった場合の対処法 もしスプレッドシート上で取引内容のプルダウンが機能しなくなった場合は、以下の手順で再設定を行うと動作するようになります。
H29: 1. 「2_かんたん入力」シートの E5セル（取引内容の一番上の入力欄） を選択する
H31: 2. メニューの「データ」＞「データの入力規則」を開く
H33: 3. 条件を「プルダウン（範囲内）」に設定する
H35: 4. 範囲を指定する入力欄に =INDIRECT($C5&"科目") と入力して完了する
H37: 5. E5セルをコピーし、下方向（E6以降のセル）に貼り付ける

Sheet 2_かんたん入力
A1: 【かんたん仕訳入力】
A2: ※ 収支区分を選ぶと、取引内容（勘定科目）の選択肢が変わります。右側のグレー枠は自動計算される「仕訳」です。
A4: No. | B4: 日付 | C4: 収支区分 | D4: 決済手段 | E4: 取引内容 (勘定科目) | F4: 金額 | G4: 摘要 (取引先・メモ) | H4: 借方科目 | I4: 借方金額 | J4: 貸方科目 | K4: 貸方金額
A5: 1 | B5: 2026/1/5 | C5: 支出 | D5: 普通預金 | E5: 仕入金額 | F5: 20000 | G5: A社から仕入 | H5: =IF($C5="","",IF($C5="支出",$E5,IF($C5="収入",$D5,IF($C5="資金移動",$E5,"")))) -> 仕入金額 | I5: =IF($H5="","",$F5) -> 20000 | J5: =IF($C5="","",IF($C5="支出",$D5,IF($C5="収入",$E5,IF($C5="資金移動",$D5,"")))) -> 普通預金 | K5: =IF($J5="","",$F5) -> 20000
A6: 2 | B6: 2026/1/10 | C6: 収入 | D6: 普通預金 | E6: 売上(収入)金額 | F6: 100000 | G6: B社売上 | H6: =IF($C6="","",IF($C6="支出",$E6,IF($C6="収入",$D6,IF($C6="資金移動",$E6,"")))) -> 普通預金 | I6: =IF($H6="","",$F6) -> 100000 | J6: =IF($C6="","",IF($C6="支出",$D6,IF($C6="収入",$E6,IF($C6="資金移動",$D6,"")))) -> 売上(収入)金額 | K6: =IF($J6="","",$F6) -> 100000
A7: 3 | B7: 2026/1/15 | C7: 資金移動 | D7: 現金 | E7: 普通預金 | F7: 50000 | G7: 口座から引出 | H7: =IF($C7="","",IF($C7="支出",$E7,IF($C7="収入",$D7,IF($C7="資金移動",$E7,"")))) -> 普通預金 | I7: =IF($H7="","",$F7) -> 50000 | J7: =IF($C7="","",IF($C7="支出",$D7,IF($C7="収入",$E7,IF($C7="資金移動",$D7,"")))) -> 現金 | K7: =IF($J7="","",$F7) -> 50000
A8: 4 | H8: =IF($C8="","",IF($C8="支出",$E8,IF($C8="収入",$D8,IF($C8="資金移動",$E8,"")))) | I8: =IF($H8="","",$F8) | J8: =IF($C8="","",IF($C8="支出",$D8,IF($C8="収入",$E8,IF($C8="資金移動",$D8,"")))) | K8: =IF($J8="","",$F8)
A9: 5 | H9: =IF($C9="","",IF($C9="支出",$E9,IF($C9="収入",$D9,IF($C9="資金移動",$E9,"")))) | I9: =IF($H9="","",$F9) | J9: =IF($C9="","",IF($C9="支出",$D9,IF($C9="収入",$E9,IF($C9="資金移動",$D9,"")))) | K9: =IF($J9="","",$F9)
A10: 6 | H10: =IF($C10="","",IF($C10="支出",$E10,IF($C10="収入",$D10,IF($C10="資金移動",$E10,"")))) | I10: =IF($H10="","",$F10) | J10: =IF($C10="","",IF($C10="支出",$D10,IF($C10="収入",$E10,IF($C10="資金移動",$D10,"")))) | K10: =IF($J10="","",$F10)
A11: 7 | H11: =IF($C11="","",IF($C11="支出",$E11,IF($C11="収入",$D11,IF($C11="資金移動",$E11,"")))) | I11: =IF($H11="","",$F11) | J11: =IF($C11="","",IF($C11="支出",$D11,IF($C11="収入",$E11,IF($C11="資金移動",$D11,"")))) | K11: =IF($J11="","",$F11)
A12: 8 | H12: =IF($C12="","",IF($C12="支出",$E12,IF($C12="収入",$D12,IF($C12="資金移動",$E12,"")))) | I12: =IF($H12="","",$F12) | J12: =IF($C12="","",IF($C12="支出",$D12,IF($C12="収入",$E12,IF($C12="資金移動",$D12,"")))) | K12: =IF($J12="","",$F12)
A13: 9 | H13: =IF($C13="","",IF($C13="支出",$E13,IF($C13="収入",$D13,IF($C13="資金移動",$E13,"")))) | I13: =IF($H13="","",$F13) | J13: =IF($C13="","",IF($C13="支出",$D13,IF($C13="収入",$E13,IF($C13="資金移動",$D13,"")))) | K13: =IF($J13="","",$F13)
A14: 10 | H14: =IF($C14="","",IF($C14="支出",$E14,IF($C14="収入",$D14,IF($C14="資金移動",$E14,"")))) | I14: =IF($H14="","",$F14) | J14: =IF($C14="","",IF($C14="支出",$D14,IF($C14="収入",$E14,IF($C14="資金移動",$D14,"")))) | K14: =IF($J14="","",$F14)
A15: 11 | H15: =IF($C15="","",IF($C15="支出",$E15,IF($C15="収入",$D15,IF($C15="資金移動",$E15,"")))) | I15: =IF($H15="","",$F15) | J15: =IF($C15="","",IF($C15="支出",$D15,IF($C15="収入",$E15,IF($C15="資金移動",$D15,"")))) | K15: =IF($J15="","",$F15)
A16: 12 | H16: =IF($C16="","",IF($C16="支出",$E16,IF($C16="収入",$D16,IF($C16="資金移動",$E16,"")))) | I16: =IF($H16="","",$F16) | J16: =IF($C16="","",IF($C16="支出",$D16,IF($C16="収入",$E16,IF($C16="資金移動",$D16,"")))) | K16: =IF($J16="","",$F16)
A17: 13 | H17: =IF($C17="","",IF($C17="支出",$E17,IF($C17="収入",$D17,IF($C17="資金移動",$E17,"")))) | I17: =IF($H17="","",$F17) | J17: =IF($C17="","",IF($C17="支出",$D17,IF($C17="収入",$E17,IF($C17="資金移動",$D17,"")))) | K17: =IF($J17="","",$F17)
A18: 14 | H18: =IF($C18="","",IF($C18="支出",$E18,IF($C18="収入",$D18,IF($C18="資金移動",$E18,"")))) | I18: =IF($H18="","",$F18) | J18: =IF($C18="","",IF($C18="支出",$D18,IF($C18="収入",$E18,IF($C18="資金移動",$D18,"")))) | K18: =IF($J18="","",$F18)
A19: 15 | H19: =IF($C19="","",IF($C19="支出",$E19,IF($C19="収入",$D19,IF($C19="資金移動",$E19,"")))) | I19: =IF($H19="","",$F19) | J19: =IF($C19="","",IF($C19="支出",$D19,IF($C19="収入",$E19,IF($C19="資金移動",$D19,"")))) | K19: =IF($J19="","",$F19)
... A604: 600 | H604: =IF($C604="","",IF($C604="支出",$E604,IF($C604="収入",$D604,IF($C604="資金移動",$E604,"")))) | I604: =IF($H604="","",$F604) | J604: =IF($C604="","",IF($C604="支出",$D604,IF($C604="収入",$E604,IF($C604="資金移動",$D604,"")))) | K604: =IF($J604="","",$F604)

Sheet 3_仕訳日記帳
A1: 【仕訳日記帳】
A2: ※ 「2_かんたん入力」から自動生成されます。
A4: 日付 | B4: 借方科目 | C4: 借方金額 | D4: 貸方科目 | E4: 貸方金額 | F4: 摘要
A5: =IF('2_かんたん入力'!B5="","",'2_かんたん入力'!B5) -> 2026/1/5 | B5: =IF('2_かんたん入力'!H5="","",IF(OR('2_かんたん入力'!H5="個人のクレジットカード",'2_かんたん入力'!H5="個人の現金・立替"),"事業主借",'2_かんたん入力'!H5)) -> 仕入金額 | C5: =IF('2_かんたん入力'!I5="","",'2_かんたん入力'!I5) -> 20000 | D5: =IF('2_かんたん入力'!J5="","",IF(OR('2_かんたん入力'!J5="個人のクレジットカード",'2_かんたん入力'!J5="個人の現金・立替"),"事業主借",'2_かんたん入力'!J5)) -> 普通預金 | E5: =IF('2_かんたん入力'!K5="","",'2_かんたん入力'!K5) -> 20000 | F5: =IF('2_かんたん入力'!G5="","",'2_かんたん入力'!G5) -> A社から仕入
A6: =IF('2_かんたん入力'!B6="","",'2_かんたん入力'!B6) -> 2026/1/10 | B6: =IF('2_かんたん入力'!H6="","",IF(OR('2_かんたん入力'!H6="個人のクレジットカード",'2_かんたん入力'!H6="個人の現金・立替"),"事業主借",'2_かんたん入力'!H6)) -> 普通預金 | C6: =IF('2_かんたん入力'!I6="","",'2_かんたん入力'!I6) -> 100000 | D6: =IF('2_かんたん入力'!J6="","",IF(OR('2_かんたん入力'!J6="個人のクレジットカード",'2_かんたん入力'!J6="個人の現金・立替"),"事業主借",'2_かんたん入力'!J6)) -> 売上(収入)金額 | E6: =IF('2_かんたん入力'!K6="","",'2_かんたん入力'!K6) -> 100000 | F6: =IF('2_かんたん入力'!G6="","",'2_かんたん入力'!G6) -> B社売上
A7: =IF('2_かんたん入力'!B7="","",'2_かんたん入力'!B7) -> 2026/1/15 | B7: =IF('2_かんたん入力'!H7="","",IF(OR('2_かんたん入力'!H7="個人のクレジットカード",'2_かんたん入力'!H7="個人の現金・立替"),"事業主借",'2_かんたん入力'!H7)) -> 普通預金 | C7: =IF('2_かんたん入力'!I7="","",'2_かんたん入力'!I7) -> 50000 | D7: =IF('2_かんたん入力'!J7="","",IF(OR('2_かんたん入力'!J7="個人のクレジットカード",'2_かんたん入力'!J7="個人の現金・立替"),"事業主借",'2_かんたん入力'!J7)) -> 現金 | E7: =IF('2_かんたん入力'!K7="","",'2_かんたん入力'!K7) -> 50000 | F7: =IF('2_かんたん入力'!G7="","",'2_かんたん入力'!G7) -> 口座から引出
A8: =IF('2_かんたん入力'!B8="","",'2_かんたん入力'!B8) | B8: =IF('2_かんたん入力'!H8="","",IF(OR('2_かんたん入力'!H8="個人のクレジットカード",'2_かんたん入力'!H8="個人の現金・立替"),"事業主借",'2_かんたん入力'!H8)) | C8: =IF('2_かんたん入力'!I8="","",'2_かんたん入力'!I8) | D8: =IF('2_かんたん入力'!J8="","",IF(OR('2_かんたん入力'!J8="個人のクレジットカード",'2_かんたん入力'!J8="個人の現金・立替"),"事業主借",'2_かんたん入力'!J8)) | E8: =IF('2_かんたん入力'!K8="","",'2_かんたん入力'!K8) | F8: =IF('2_かんたん入力'!G8="","",'2_かんたん入力'!G8)
A9: =IF('2_かんたん入力'!B9="","",'2_かんたん入力'!B9) | B9: =IF('2_かんたん入力'!H9="","",IF(OR('2_かんたん入力'!H9="個人のクレジットカード",'2_かんたん入力'!H9="個人の現金・立替"),"事業主借",'2_かんたん入力'!H9)) | C9: =IF('2_かんたん入力'!I9="","",'2_かんたん入力'!I9) | D9: =IF('2_かんたん入力'!J9="","",IF(OR('2_かんたん入力'!J9="個人のクレジットカード",'2_かんたん入力'!J9="個人の現金・立替"),"事業主借",'2_かんたん入力'!J9)) | E9: =IF('2_かんたん入力'!K9="","",'2_かんたん入力'!K9) | F9: =IF('2_かんたん入力'!G9="","",'2_かんたん入力'!G9)
A10: =IF('2_かんたん入力'!B10="","",'2_かんたん入力'!B10) | B10: =IF('2_かんたん入力'!H10="","",IF(OR('2_かんたん入力'!H10="個人のクレジットカード",'2_かんたん入力'!H10="個人の現金・立替"),"事業主借",'2_かんたん入力'!H10)) | C10: =IF('2_かんたん入力'!I10="","",'2_かんたん入力'!I10) | D10: =IF('2_かんたん入力'!J10="","",IF(OR('2_かんたん入力'!J10="個人のクレジットカード",'2_かんたん入力'!J10="個人の現金・立替"),"事業主借",'2_かんたん入力'!J10)) | E10: =IF('2_かんたん入力'!K10="","",'2_かんたん入力'!K10) | F10: =IF('2_かんたん入力'!G10="","",'2_かんたん入力'!G10)
A11: =IF('2_かんたん入力'!B11="","",'2_かんたん入力'!B11) | B11: =IF('2_かんたん入力'!H11="","",IF(OR('2_かんたん入力'!H11="個人のクレジットカード",'2_かんたん入力'!H11="個人の現金・立替"),"事業主借",'2_かんたん入力'!H11)) | C11: =IF('2_かんたん入力'!I11="","",'2_かんたん入力'!I11) | D11: =IF('2_かんたん入力'!J11="","",IF(OR('2_かんたん入力'!J11="個人のクレジットカード",'2_かんたん入力'!J11="個人の現金・立替"),"事業主借",'2_かんたん入力'!J11)) | E11: =IF('2_かんたん入力'!K11="","",'2_かんたん入力'!K11) | F11: =IF('2_かんたん入力'!G11="","",'2_かんたん入力'!G11)
A12: =IF('2_かんたん入力'!B12="","",'2_かんたん入力'!B12) | B12: =IF('2_かんたん入力'!H12="","",IF(OR('2_かんたん入力'!H12="個人のクレジットカード",'2_かんたん入力'!H12="個人の現金・立替"),"事業主借",'2_かんたん入力'!H12)) | C12: =IF('2_かんたん入力'!I12="","",'2_かんたん入力'!I12) | D12: =IF('2_かんたん入力'!J12="","",IF(OR('2_かんたん入力'!J12="個人のクレジットカード",'2_かんたん入力'!J12="個人の現金・立替"),"事業主借",'2_かんたん入力'!J12)) | E12: =IF('2_かんたん入力'!K12="","",'2_かんたん入力'!K12) | F12: =IF('2_かんたん入力'!G12="","",'2_かんたん入力'!G12)
A13: =IF('2_かんたん入力'!B13="","",'2_かんたん入力'!B13) | B13: =IF('2_かんたん入力'!H13="","",IF(OR('2_かんたん入力'!H13="個人のクレジットカード",'2_かんたん入力'!H13="個人の現金・立替"),"事業主借",'2_かんたん入力'!H13)) | C13: =IF('2_かんたん入力'!I13="","",'2_かんたん入力'!I13) | D13: =IF('2_かんたん入力'!J13="","",IF(OR('2_かんたん入力'!J13="個人のクレジットカード",'2_かんたん入力'!J13="個人の現金・立替"),"事業主借",'2_かんたん入力'!J13)) | E13: =IF('2_かんたん入力'!K13="","",'2_かんたん入力'!K13) | F13: =IF('2_かんたん入力'!G13="","",'2_かんたん入力'!G13)
A14: =IF('2_かんたん入力'!B14="","",'2_かんたん入力'!B14) | B14: =IF('2_かんたん入力'!H14="","",IF(OR('2_かんたん入力'!H14="個人のクレジットカード",'2_かんたん入力'!H14="個人の現金・立替"),"事業主借",'2_かんたん入力'!H14)) | C14: =IF('2_かんたん入力'!I14="","",'2_かんたん入力'!I14) | D14: =IF('2_かんたん入力'!J14="","",IF(OR('2_かんたん入力'!J14="個人のクレジットカード",'2_かんたん入力'!J14="個人の現金・立替"),"事業主借",'2_かんたん入力'!J14)) | E14: =IF('2_かんたん入力'!K14="","",'2_かんたん入力'!K14) | F14: =IF('2_かんたん入力'!G14="","",'2_かんたん入力'!G14)
A15: =IF('2_かんたん入力'!B15="","",'2_かんたん入力'!B15) | B15: =IF('2_かんたん入力'!H15="","",IF(OR('2_かんたん入力'!H15="個人のクレジットカード",'2_かんたん入力'!H15="個人の現金・立替"),"事業主借",'2_かんたん入力'!H15)) | C15: =IF('2_かんたん入力'!I15="","",'2_かんたん入力'!I15) | D15: =IF('2_かんたん入力'!J15="","",IF(OR('2_かんたん入力'!J15="個人のクレジットカード",'2_かんたん入力'!J15="個人の現金・立替"),"事業主借",'2_かんたん入力'!J15)) | E15: =IF('2_かんたん入力'!K15="","",'2_かんたん入力'!K15) | F15: =IF('2_かんたん入力'!G15="","",'2_かんたん入力'!G15)
A16: =IF('2_かんたん入力'!B16="","",'2_かんたん入力'!B16) | B16: =IF('2_かんたん入力'!H16="","",IF(OR('2_かんたん入力'!H16="個人のクレジットカード",'2_かんたん入力'!H16="個人の現金・立替"),"事業主借",'2_かんたん入力'!H16)) | C16: =IF('2_かんたん入力'!I16="","",'2_かんたん入力'!I16) | D16: =IF('2_かんたん入力'!J16="","",IF(OR('2_かんたん入力'!J16="個人のクレジットカード",'2_かんたん入力'!J16="個人の現金・立替"),"事業主借",'2_かんたん入力'!J16)) | E16: =IF('2_かんたん入力'!K16="","",'2_かんたん入力'!K16) | F16: =IF('2_かんたん入力'!G16="","",'2_かんたん入力'!G16)
... A604: =IF('2_かんたん入力'!B604="","",'2_かんたん入力'!B604) | B604: =IF('2_かんたん入力'!H604="","",IF(OR('2_かんたん入力'!H604="個人のクレジットカード",'2_かんたん入力'!H604="個人の現金・立替"),"事業主借",'2_かんたん入力'!H604)) | C604: =IF('2_かんたん入力'!I604="","",'2_かんたん入力'!I604) | D604: =IF('2_かんたん入力'!J604="","",IF(OR('2_かんたん入力'!J604="個人のクレジットカード",'2_かんたん入力'!J604="個人の現金・立替"),"事業主借",'2_かんたん入力'!J604)) | E604: =IF('2_かんたん入力'!K604="","",'2_かんたん入力'!K604) | F604: =IF('2_かんたん入力'!G604="","",'2_かんたん入力'!G604)

Sheet 4_青色申告決算書(1面)
A1: 令和〇年分 所得税青色申告決算書（一般用） 1面
A2: ※ 国税庁の様式に準拠しています。番号通りにそのまま申告書へ転記してください。黄色のセルは手入力が必要です。
A4: 番号 | B4: 科目 | C4: 金額(円) | D4: 備考・補足
A5: ① | B5: 売上(収入)金額 | C5: =SUMIFS('3_仕訳日記帳'!E:E, '3_仕訳日記帳'!D:D, "売上(収入)金額") - SUMIFS('3_仕訳日記帳'!C:C, '3_仕訳日記帳'!B:B, "売上(収入)金額") -> 100000
A6: ② | B6: 家事消費等 | C6: =SUMIFS('3_仕訳日記帳'!E:E, '3_仕訳日記帳'!D:D, "家事消費等") - SUMIFS('3_仕訳日記帳'!C:C, '3_仕訳日記帳'!B:B, "家事消費等") -> 0
A7: ③ | B7: その他の収入 | C7: =SUMIFS('3_仕訳日記帳'!E:E, '3_仕訳日記帳'!D:D, "その他の収入") - SUMIFS('3_仕訳日記帳'!C:C, '3_仕訳日記帳'!B:B, "その他の収入") -> 0
A8: ④ | B8: 計 | C8: =SUM(C5:C7) -> 100000 | D8: ①＋②＋③
A10: ⑤ | B10: 期首棚卸高 | C10: =IFERROR(VLOOKUP("たな卸資産",'1_ホーム・初期設定'!$A$5:$B$30,2,FALSE),0) -> 0 | D10: ※初期設定シート「たな卸資産」残高
A11: ⑥ | B11: 仕入金額 | C11: =SUMIFS('3_仕訳日記帳'!C:C, '3_仕訳日記帳'!B:B, "仕入金額") - SUMIFS('3_仕訳日記帳'!E:E, '3_仕訳日記帳'!D:D, "仕入金額") -> 20000 | D11: ※仕入として入力した合計
A12: ⑦ | B12: 小計 | C12: =C10+C11 -> 20000 | D12: ⑤＋⑥
A13: ⑧ | B13: 期末棚卸高 | C13: 0 | D13: ★12/31時点の在庫金額を手入力してください
A14: ⑨ | B14: 差引原価 | C14: =C12-C13 -> 20000 | D14: ⑦－⑧
A16: ⑩ | B16: 差引金額 | C16: =C8-C14 -> 80000 | D16: ④－⑨ (売上総利益)
A18: ⑪ | B18: 租税公課 | C18: =SUMIFS('3_仕訳日記帳'!C:C, '3_仕訳日記帳'!B:B, "租税公課") - SUMIFS('3_仕訳日記帳'!E:E, '3_仕訳日記帳'!D:D, "租税公課") -> 0
A19: ⑫ | B19: 荷造運賃 | C19: =SUMIFS('3_仕訳日記帳'!C:C, '3_仕訳日記帳'!B:B, "荷造運賃") - SUMIFS('3_仕訳日記帳'!E:E, '3_仕訳日記帳'!D:D, "荷造運賃") -> 0
A20: ⑬ | B20: 水道光熱費 | C20: =SUMIFS('3_仕訳日記帳'!C:C, '3_仕訳日記帳'!B:B, "水道光熱費") - SUMIFS('3_仕訳日記帳'!E:E, '3_仕訳日記帳'!D:D, "水道光熱費") -> 0
A21: ⑭ | B21: 旅費交通費 | C21: =SUMIFS('3_仕訳日記帳'!C:C, '3_仕訳日記帳'!B:B, "旅費交通費") - SUMIFS('3_仕訳日記帳'!E:E, '3_仕訳日記帳'!D:D, "旅費交通費") -> 0
A22: ⑮ | B22: 通信費 | C22: =SUMIFS('3_仕訳日記帳'!C:C, '3_仕訳日記帳'!B:B, "通信費") - SUMIFS('3_仕訳日記帳'!E:E, '3_仕訳日記帳'!D:D, "通信費") -> 0
A23: ⑯ | B23: 広告宣伝費 | C23: =SUMIFS('3_仕訳日記帳'!C:C, '3_仕訳日記帳'!B:B, "広告宣伝費") - SUMIFS('3_仕訳日記帳'!E:E, '3_仕訳日記帳'!D:D, "広告宣伝費") -> 0
A24: ⑰ | B24: 接待交際費 | C24: =SUMIFS('3_仕訳日記帳'!C:C, '3_仕訳日記帳'!B:B, "接待交際費") - SUMIFS('3_仕訳日記帳'!E:E, '3_仕訳日記帳'!D:D, "接待交際費") -> 0
A25: ⑱ | B25: 損害保険料 | C25: =SUMIFS('3_仕訳日記帳'!C:C, '3_仕訳日記帳'!B:B, "損害保険料") - SUMIFS('3_仕訳日記帳'!E:E, '3_仕訳日記帳'!D:D, "損害保険料") -> 0
A26: ⑲ | B26: 修繕費 | C26: =SUMIFS('3_仕訳日記帳'!C:C, '3_仕訳日記帳'!B:B, "修繕費") - SUMIFS('3_仕訳日記帳'!E:E, '3_仕訳日記帳'!D:D, "修繕費") -> 0
A27: ⑳ | B27: 消耗品費 | C27: =SUMIFS('3_仕訳日記帳'!C:C, '3_仕訳日記帳'!B:B, "消耗品費") - SUMIFS('3_仕訳日記帳'!E:E, '3_仕訳日記帳'!D:D, "消耗品費") -> 0
A28: ㉑ | B28: 減価償却費 | C28: =SUMIFS('3_仕訳日記帳'!C:C, '3_仕訳日記帳'!B:B, "減価償却費") - SUMIFS('3_仕訳日記帳'!E:E, '3_仕訳日記帳'!D:D, "減価償却費") -> 0
A29: ㉒ | B29: 福利厚生費 | C29: =SUMIFS('3_仕訳日記帳'!C:C, '3_仕訳日記帳'!B:B, "福利厚生費") - SUMIFS('3_仕訳日記帳'!E:E, '3_仕訳日記帳'!D:D, "福利厚生費") -> 0
A30: ㉓ | B30: 給料賃金 | C30: =SUMIFS('3_仕訳日記帳'!C:C, '3_仕訳日記帳'!B:B, "給料賃金") - SUMIFS('3_仕訳日記帳'!E:E, '3_仕訳日記帳'!D:D, "給料賃金") -> 0
A31: ㉔ | B31: 外注工賃 | C31: =SUMIFS('3_仕訳日記帳'!C:C, '3_仕訳日記帳'!B:B, "外注工賃") - SUMIFS('3_仕訳日記帳'!E:E, '3_仕訳日記帳'!D:D, "外注工賃") -> 0
A32: ㉕ | B32: 利子割引料 | C32: =SUMIFS('3_仕訳日記帳'!C:C, '3_仕訳日記帳'!B:B, "利子割引料") - SUMIFS('3_仕訳日記帳'!E:E, '3_仕訳日記帳'!D:D, "利子割引料") -> 0
A33: ㉖ | B33: 地代家賃 | C33: =SUMIFS('3_仕訳日記帳'!C:C, '3_仕訳日記帳'!B:B, "地代家賃") - SUMIFS('3_仕訳日記帳'!E:E, '3_仕訳日記帳'!D:D, "地代家賃") -> 0
A34: ㉗ | B34: 貸倒金 | C34: =SUMIFS('3_仕訳日記帳'!C:C, '3_仕訳日記帳'!B:B, "貸倒金") - SUMIFS('3_仕訳日記帳'!E:E, '3_仕訳日記帳'!D:D, "貸倒金") -> 0
A35: ㉘ | C35: =IF(B35="","",SUMIFS('3_仕訳日記帳'!C:C, '3_仕訳日記帳'!B:B, B35) - SUMIFS('3_仕訳日記帳'!E:E, '3_仕訳日記帳'!D:D, B35))
A36: ㉙ | C36: =IF(B36="","",SUMIFS('3_仕訳日記帳'!C:C, '3_仕訳日記帳'!B:B, B36) - SUMIFS('3_仕訳日記帳'!E:E, '3_仕訳日記帳'!D:D, B36))
A37: ㉚ | C37: =IF(B37="","",SUMIFS('3_仕訳日記帳'!C:C, '3_仕訳日記帳'!B:B, B37) - SUMIFS('3_仕訳日記帳'!E:E, '3_仕訳日記帳'!D:D, B37))
A38: ㉛ | C38: =IF(B38="","",SUMIFS('3_仕訳日記帳'!C:C, '3_仕訳日記帳'!B:B, B38) - SUMIFS('3_仕訳日記帳'!E:E, '3_仕訳日記帳'!D:D, B38))
A39: ㉜ | B39: 雑費 | C39: =SUMIFS('3_仕訳日記帳'!C:C, '3_仕訳日記帳'!B:B, "雑費") - SUMIFS('3_仕訳日記帳'!E:E, '3_仕訳日記帳'!D:D, "雑費") -> 0
A40: ㉝ | B40: 経費計 | C40: =SUM(C18:C39) -> 0 | D40: ⑪〜㉜までの合計
A42: ㉞ | B42: 差引金額 | C42: =C16-C40 -> 80000 | D42: ⑩－㉝ (専従者控除前所得金額)
A44: ㊴ | B44: 青色申告特別控除前の所得金額 | C44: =C42 -> 80000 | D44: ※専従者給与・貸倒引当金等がない場合は㉞と同額

Sheet 5_青色申告決算書(4面)
A1: 令和〇年分 所得税青色申告決算書（一般用） 4面ベース
A2: ※ 期首残高は初期設定シートから自動計算されます。（たな卸資産の期末残高のみ1面から自動転記）
A4: 資産の部 科目 | B4: 期首(1/1) | C4: 期末(12/31) | E4: 負債・資本の部 科目 | F4: 期首(1/1) | G4: 期末(12/31)
A5: 現金 | B5: =IFERROR(VLOOKUP(A5,'1_ホーム・初期設定'!$A$5:$B$30,2,FALSE),0) -> 0 | C5: =B5 + SUMIFS('3_仕訳日記帳'!C:C, '3_仕訳日記帳'!B:B, A5) - SUMIFS('3_仕訳日記帳'!E:E, '3_仕訳日記帳'!D:D, A5) -> -50000 | E5: 支払手形 | F5: =IFERROR(VLOOKUP(E5,'1_ホーム・初期設定'!$C$5:$D$30,2,FALSE),0) -> 0 | G5: =F5 + SUMIFS('3_仕訳日記帳'!E:E, '3_仕訳日記帳'!D:D, E5) - SUMIFS('3_仕訳日記帳'!C:C, '3_仕訳日記帳'!B:B, E5) -> 0
A6: 当座預金 | B6: =IFERROR(VLOOKUP(A6,'1_ホーム・初期設定'!$A$5:$B$30,2,FALSE),0) -> 0 | C6: =B6 + SUMIFS('3_仕訳日記帳'!C:C, '3_仕訳日記帳'!B:B, A6) - SUMIFS('3_仕訳日記帳'!E:E, '3_仕訳日記帳'!D:D, A6) -> 0 | E6: 買掛金 | F6: =IFERROR(VLOOKUP(E6,'1_ホーム・初期設定'!$C$5:$D$30,2,FALSE),0) -> 0 | G6: =F6 + SUMIFS('3_仕訳日記帳'!E:E, '3_仕訳日記帳'!D:D, E6) - SUMIFS('3_仕訳日記帳'!C:C, '3_仕訳日記帳'!B:B, E6) -> 0
A7: 定期預金 | B7: =IFERROR(VLOOKUP(A7,'1_ホーム・初期設定'!$A$5:$B$30,2,FALSE),0) -> 0 | C7: =B7 + SUMIFS('3_仕訳日記帳'!C:C, '3_仕訳日記帳'!B:B, A7) - SUMIFS('3_仕訳日記帳'!E:E, '3_仕訳日記帳'!D:D, A7) -> 0 | E7: 借入金 | F7: =IFERROR(VLOOKUP(E7,'1_ホーム・初期設定'!$C$5:$D$30,2,FALSE),0) -> 0 | G7: =F7 + SUMIFS('3_仕訳日記帳'!E:E, '3_仕訳日記帳'!D:D, E7) - SUMIFS('3_仕訳日記帳'!C:C, '3_仕訳日記帳'!B:B, E7) -> 0
A8: その他の預金 | B8: =IFERROR(VLOOKUP(A8,'1_ホーム・初期設定'!$A$5:$B$30,2,FALSE),0) -> 0 | C8: =B8 + SUMIFS('3_仕訳日記帳'!C:C, '3_仕訳日記帳'!B:B, A8) - SUMIFS('3_仕訳日記帳'!E:E, '3_仕訳日記帳'!D:D, A8) -> 0 | E8: 未払金 | F8: =IFERROR(VLOOKUP(E8,'1_ホーム・初期設定'!$C$5:$D$30,2,FALSE),0) -> 0 | G8: =F8 + SUMIFS('3_仕訳日記帳'!E:E, '3_仕訳日記帳'!D:D, E8) - SUMIFS('3_仕訳日記帳'!C:C, '3_仕訳日記帳'!B:B, E8) -> 0
A9: 受取手形 | B9: =IFERROR(VLOOKUP(A9,'1_ホーム・初期設定'!$A$5:$B$30,2,FALSE),0) -> 0 | C9: =B9 + SUMIFS('3_仕訳日記帳'!C:C, '3_仕訳日記帳'!B:B, A9) - SUMIFS('3_仕訳日記帳'!E:E, '3_仕訳日記帳'!D:D, A9) -> 0 | E9: 前受金 | F9: =IFERROR(VLOOKUP(E9,'1_ホーム・初期設定'!$C$5:$D$30,2,FALSE),0) -> 0 | G9: =F9 + SUMIFS('3_仕訳日記帳'!E:E, '3_仕訳日記帳'!D:D, E9) - SUMIFS('3_仕訳日記帳'!C:C, '3_仕訳日記帳'!B:B, E9) -> 0
A10: 売掛金 | B10: =IFERROR(VLOOKUP(A10,'1_ホーム・初期設定'!$A$5:$B$30,2,FALSE),0) -> 0 | C10: =B10 + SUMIFS('3_仕訳日記帳'!C:C, '3_仕訳日記帳'!B:B, A10) - SUMIFS('3_仕訳日記帳'!E:E, '3_仕訳日記帳'!D:D, A10) -> 0 | E10: 預り金 | F10: =IFERROR(VLOOKUP(E10,'1_ホーム・初期設定'!$C$5:$D$30,2,FALSE),0) -> 0 | G10: =F10 + SUMIFS('3_仕訳日記帳'!E:E, '3_仕訳日記帳'!D:D, E10) - SUMIFS('3_仕訳日記帳'!C:C, '3_仕訳日記帳'!B:B, E10) -> 0
A11: 有価証券 | B11: =IFERROR(VLOOKUP(A11,'1_ホーム・初期設定'!$A$5:$B$30,2,FALSE),0) -> 0 | C11: =B11 + SUMIFS('3_仕訳日記帳'!C:C, '3_仕訳日記帳'!B:B, A11) - SUMIFS('3_仕訳日記帳'!E:E, '3_仕訳日記帳'!D:D, A11) -> 0 | E11: 貸倒引当金 | F11: =IFERROR(VLOOKUP(E11,'1_ホーム・初期設定'!$C$5:$D$30,2,FALSE),0) -> 0 | G11: =F11 + SUMIFS('3_仕訳日記帳'!E:E, '3_仕訳日記帳'!D:D, E11) - SUMIFS('3_仕訳日記帳'!C:C, '3_仕訳日記帳'!B:B, E11) -> 0
A12: たな卸資産 | B12: =IFERROR(VLOOKUP(A12,'1_ホーム・初期設定'!$A$5:$B$30,2,FALSE),0) -> 0 | C12: ='4_青色申告決算書(1面)'!$C$13 -> 0 | E12: 事業主借 | F12: =IFERROR(VLOOKUP(E12,'1_ホーム・初期設定'!$C$5:$D$30,2,FALSE),0) -> 0 | G12: =F12 + SUMIFS('3_仕訳日記帳'!E:E, '3_仕訳日記帳'!D:D, E12) - SUMIFS('3_仕訳日記帳'!C:C, '3_仕訳日記帳'!B:B, E12) -> 0
A13: 前払金 | B13: =IFERROR(VLOOKUP(A13,'1_ホーム・初期設定'!$A$5:$B$30,2,FALSE),0) -> 0 | C13: =B13 + SUMIFS('3_仕訳日記帳'!C:C, '3_仕訳日記帳'!B:B, A13) - SUMIFS('3_仕訳日記帳'!E:E, '3_仕訳日記帳'!D:D, A13) -> 0 | E13: 元入金 | F13: =IFERROR(VLOOKUP(E13,'1_ホーム・初期設定'!$C$5:$D$30,2,FALSE),0) -> 0 | G13: =F13 + SUMIFS('3_仕訳日記帳'!E:E, '3_仕訳日記帳'!D:D, E13) - SUMIFS('3_仕訳日記帳'!C:C, '3_仕訳日記帳'!B:B, E13) -> 0
A14: 貸付金 | B14: =IFERROR(VLOOKUP(A14,'1_ホーム・初期設定'!$A$5:$B$30,2,FALSE),0) -> 0 | C14: =B14 + SUMIFS('3_仕訳日記帳'!C:C, '3_仕訳日記帳'!B:B, A14) - SUMIFS('3_仕訳日記帳'!E:E, '3_仕訳日記帳'!D:D, A14) -> 0
A15: 建物 | B15: =IFERROR(VLOOKUP(A15,'1_ホーム・初期設定'!$A$5:$B$30,2,FALSE),0) -> 0 | C15: =B15 + SUMIFS('3_仕訳日記帳'!C:C, '3_仕訳日記帳'!B:B, A15) - SUMIFS('3_仕訳日記帳'!E:E, '3_仕訳日記帳'!D:D, A15) -> 0
A16: 建物附属設備 | B16: =IFERROR(VLOOKUP(A16,'1_ホーム・初期設定'!$A$5:$B$30,2,FALSE),0) -> 0 | C16: =B16 + SUMIFS('3_仕訳日記帳'!C:C, '3_仕訳日記帳'!B:B, A16) - SUMIFS('3_仕訳日記帳'!E:E, '3_仕訳日記帳'!D:D, A16) -> 0
A17: 機械装置 | B17: =IFERROR(VLOOKUP(A17,'1_ホーム・初期設定'!$A$5:$B$30,2,FALSE),0) -> 0 | C17: =B17 + SUMIFS('3_仕訳日記帳'!C:C, '3_仕訳日記帳'!B:B, A17) - SUMIFS('3_仕訳日記帳'!E:E, '3_仕訳日記帳'!D:D, A17) -> 0
A18: 車両運搬具 | B18: =IFERROR(VLOOKUP(A18,'1_ホーム・初期設定'!$A$5:$B$30,2,FALSE),0) -> 0 | C18: =B18 + SUMIFS('3_仕訳日記帳'!C:C, '3_仕訳日記帳'!B:B, A18) - SUMIFS('3_仕訳日記帳'!E:E, '3_仕訳日記帳'!D:D, A18) -> 0
A19: 工具器具備品 | B19: =IFERROR(VLOOKUP(A19,'1_ホーム・初期設定'!$A$5:$B$30,2,FALSE),0) -> 0 | C19: =B19 + SUMIFS('3_仕訳日記帳'!C:C, '3_仕訳日記帳'!B:B, A19) - SUMIFS('3_仕訳日記帳'!E:E, '3_仕訳日記帳'!D:D, A19) -> 0
A20: 一括償却資産 | B20: =IFERROR(VLOOKUP(A20,'1_ホーム・初期設定'!$A$5:$B$30,2,FALSE),0) -> 0 | C20: =B20 + SUMIFS('3_仕訳日記帳'!C:C, '3_仕訳日記帳'!B:B, A20) - SUMIFS('3_仕訳日記帳'!E:E, '3_仕訳日記帳'!D:D, A20) -> 0
A21: 無形固定資産 | B21: =IFERROR(VLOOKUP(A21,'1_ホーム・初期設定'!$A$5:$B$30,2,FALSE),0) -> 0 | C21: =B21 + SUMIFS('3_仕訳日記帳'!C:C, '3_仕訳日記帳'!B:B, A21) - SUMIFS('3_仕訳日記帳'!E:E, '3_仕訳日記帳'!D:D, A21) -> 0
A22: 投資その他の資産 | B22: =IFERROR(VLOOKUP(A22,'1_ホーム・初期設定'!$A$5:$B$30,2,FALSE),0) -> 0 | C22: =B22 + SUMIFS('3_仕訳日記帳'!C:C, '3_仕訳日記帳'!B:B, A22) - SUMIFS('3_仕訳日記帳'!E:E, '3_仕訳日記帳'!D:D, A22) -> 0
A23: 事業主貸 | B23: =IFERROR(VLOOKUP(A23,'1_ホーム・初期設定'!$A$5:$B$30,2,FALSE),0) -> 0 | C23: =B23 + SUMIFS('3_仕訳日記帳'!C:C, '3_仕訳日記帳'!B:B, A23) - SUMIFS('3_仕訳日記帳'!E:E, '3_仕訳日記帳'!D:D, A23) -> 0
A24: 資産 合計 | B24: =SUM(B5:B23) -> 0 | C24: =SUM(C5:C23) -> -50000 | E24: 負債・資本 合計(※所得控除前) | F24: =SUM(F5:F23) -> 0 | G24: =SUM(G5:G23) -> 0
E26: 青色申告特別控除前所得金額 (1面より) | G26: ='4_青色申告決算書(1面)'!$C$44 -> 80000

Sheet freeeインポート
A1: 伝票No | B1: 決算整理仕訳 | C1: 取引日 | D1: 借方勘定科目 | E1: 借方補助科目 | F1: 借方部門 | G1: 借方品目 | H1: 借方税区分 | I1: 借方金額 | J1: 借方税額 | K1: 貸方勘定科目 | L1: 貸方補助科目 | M1: 貸方部門 | N1: 貸方品目 | O1: 貸方税区分 | P1: 貸方金額 | Q1: 貸方税額 | R1: 摘要
A2: =IF('3_仕訳日記帳'!A5="","",ROW()-1) -> 1 | C2: =IF('3_仕訳日記帳'!A5="","",'3_仕訳日記帳'!A5) -> 2026/1/5 | D2: =IF('3_仕訳日記帳'!A5="","",'3_仕訳日記帳'!B5) -> 仕入金額 | H2: =IF('3_仕訳日記帳'!A5="","","対象外") -> 対象外 | I2: =IF('3_仕訳日記帳'!A5="","",'3_仕訳日記帳'!C5) -> 20000 | K2: =IF('3_仕訳日記帳'!A5="","",'3_仕訳日記帳'!D5) -> 普通預金 | O2: =IF('3_仕訳日記帳'!A5="","","対象外") -> 対象外 | P2: =IF('3_仕訳日記帳'!A5="","",'3_仕訳日記帳'!E5) -> 20000 | R2: =IF('3_仕訳日記帳'!A5="","",'3_仕訳日記帳'!F5) -> A社から仕入
A3: =IF('3_仕訳日記帳'!A6="","",ROW()-1) -> 2 | C3: =IF('3_仕訳日記帳'!A6="","",'3_仕訳日記帳'!A6) -> 2026/1/10 | D3: =IF('3_仕訳日記帳'!A6="","",'3_仕訳日記帳'!B6) -> 普通預金 | H3: =IF('3_仕訳日記帳'!A6="","","対象外") -> 対象外 | I3: =IF('3_仕訳日記帳'!A6="","",'3_仕訳日記帳'!C6) -> 100000 | K3: =IF('3_仕訳日記帳'!A6="","",'3_仕訳日記帳'!D6) -> 売上(収入)金額 | O3: =IF('3_仕訳日記帳'!A6="","","対象外") -> 対象外 | P3: =IF('3_仕訳日記帳'!A6="","",'3_仕訳日記帳'!E6) -> 100000 | R3: =IF('3_仕訳日記帳'!A6="","",'3_仕訳日記帳'!F6) -> B社売上
A4: =IF('3_仕訳日記帳'!A7="","",ROW()-1) -> 3 | C4: =IF('3_仕訳日記帳'!A7="","",'3_仕訳日記帳'!A7) -> 2026/1/15 | D4: =IF('3_仕訳日記帳'!A7="","",'3_仕訳日記帳'!B7) -> 普通預金 | H4: =IF('3_仕訳日記帳'!A7="","","対象外") -> 対象外 | I4: =IF('3_仕訳日記帳'!A7="","",'3_仕訳日記帳'!C7) -> 50000 | K4: =IF('3_仕訳日記帳'!A7="","",'3_仕訳日記帳'!D7) -> 現金 | O4: =IF('3_仕訳日記帳'!A7="","","対象外") -> 対象外 | P4: =IF('3_仕訳日記帳'!A7="","",'3_仕訳日記帳'!E7) -> 50000 | R4: =IF('3_仕訳日記帳'!A7="","",'3_仕訳日記帳'!F7) -> 口座から引出
A5: =IF('3_仕訳日記帳'!A8="","",ROW()-1) | C5: =IF('3_仕訳日記帳'!A8="","",'3_仕訳日記帳'!A8) | D5: =IF('3_仕訳日記帳'!A8="","",'3_仕訳日記帳'!B8) | H5: =IF('3_仕訳日記帳'!A8="","","対象外") | I5: =IF('3_仕訳日記帳'!A8="","",'3_仕訳日記帳'!C8) | K5: =IF('3_仕訳日記帳'!A8="","",'3_仕訳日記帳'!D8) | O5: =IF('3_仕訳日記帳'!A8="","","対象外") | P5: =IF('3_仕訳日記帳'!A8="","",'3_仕訳日記帳'!E8) | R5: =IF('3_仕訳日記帳'!A8="","",'3_仕訳日記帳'!F8)
A6: =IF('3_仕訳日記帳'!A9="","",ROW()-1) | C6: =IF('3_仕訳日記帳'!A9="","",'3_仕訳日記帳'!A9) | D6: =IF('3_仕訳日記帳'!A9="","",'3_仕訳日記帳'!B9) | H6: =IF('3_仕訳日記帳'!A9="","","対象外") | I6: =IF('3_仕訳日記帳'!A9="","",'3_仕訳日記帳'!C9) | K6: =IF('3_仕訳日記帳'!A9="","",'3_仕訳日記帳'!D9) | O6: =IF('3_仕訳日記帳'!A9="","","対象外") | P6: =IF('3_仕訳日記帳'!A9="","",'3_仕訳日記帳'!E9) | R6: =IF('3_仕訳日記帳'!A9="","",'3_仕訳日記帳'!F9)
A7: =IF('3_仕訳日記帳'!A10="","",ROW()-1) | C7: =IF('3_仕訳日記帳'!A10="","",'3_仕訳日記帳'!A10) | D7: =IF('3_仕訳日記帳'!A10="","",'3_仕訳日記帳'!B10) | H7: =IF('3_仕訳日記帳'!A10="","","対象外") | I7: =IF('3_仕訳日記帳'!A10="","",'3_仕訳日記帳'!C10) | K7: =IF('3_仕訳日記帳'!A10="","",'3_仕訳日記帳'!D10) | O7: =IF('3_仕訳日記帳'!A10="","","対象外") | P7: =IF('3_仕訳日記帳'!A10="","",'3_仕訳日記帳'!E10) | R7: =IF('3_仕訳日記帳'!A10="","",'3_仕訳日記帳'!F10)
A8: =IF('3_仕訳日記帳'!A11="","",ROW()-1) | C8: =IF('3_仕訳日記帳'!A11="","",'3_仕訳日記帳'!A11) | D8: =IF('3_仕訳日記帳'!A11="","",'3_仕訳日記帳'!B11) | H8: =IF('3_仕訳日記帳'!A11="","","対象外") | I8: =IF('3_仕訳日記帳'!A11="","",'3_仕訳日記帳'!C11) | K8: =IF('3_仕訳日記帳'!A11="","",'3_仕訳日記帳'!D11) | O8: =IF('3_仕訳日記帳'!A11="","","対象外") | P8: =IF('3_仕訳日記帳'!A11="","",'3_仕訳日記帳'!E11) | R8: =IF('3_仕訳日記帳'!A11="","",'3_仕訳日記帳'!F11)
A9: =IF('3_仕訳日記帳'!A12="","",ROW()-1) | C9: =IF('3_仕訳日記帳'!A12="","",'3_仕訳日記帳'!A12) | D9: =IF('3_仕訳日記帳'!A12="","",'3_仕訳日記帳'!B12) | H9: =IF('3_仕訳日記帳'!A12="","","対象外") | I9: =IF('3_仕訳日記帳'!A12="","",'3_仕訳日記帳'!C12) | K9: =IF('3_仕訳日記帳'!A12="","",'3_仕訳日記帳'!D12) | O9: =IF('3_仕訳日記帳'!A12="","","対象外") | P9: =IF('3_仕訳日記帳'!A12="","",'3_仕訳日記帳'!E12) | R9: =IF('3_仕訳日記帳'!A12="","",'3_仕訳日記帳'!F12)
A10: =IF('3_仕訳日記帳'!A13="","",ROW()-1) | C10: =IF('3_仕訳日記帳'!A13="","",'3_仕訳日記帳'!A13) | D10: =IF('3_仕訳日記帳'!A13="","",'3_仕訳日記帳'!B13) | H10: =IF('3_仕訳日記帳'!A13="","","対象外") | I10: =IF('3_仕訳日記帳'!A13="","",'3_仕訳日記帳'!C13) | K10: =IF('3_仕訳日記帳'!A13="","",'3_仕訳日記帳'!D13) | O10: =IF('3_仕訳日記帳'!A13="","","対象外") | P10: =IF('3_仕訳日記帳'!A13="","",'3_仕訳日記帳'!E13) | R10: =IF('3_仕訳日記帳'!A13="","",'3_仕訳日記帳'!F13)
A11: =IF('3_仕訳日記帳'!A14="","",ROW()-1) | C11: =IF('3_仕訳日記帳'!A14="","",'3_仕訳日記帳'!A14) | D11: =IF('3_仕訳日記帳'!A14="","",'3_仕訳日記帳'!B14) | H11: =IF('3_仕訳日記帳'!A14="","","対象外") | I11: =IF('3_仕訳日記帳'!A14="","",'3_仕訳日記帳'!C14) | K11: =IF('3_仕訳日記帳'!A14="","",'3_仕訳日記帳'!D14) | O11: =IF('3_仕訳日記帳'!A14="","","対象外") | P11: =IF('3_仕訳日記帳'!A14="","",'3_仕訳日記帳'!E14) | R11: =IF('3_仕訳日記帳'!A14="","",'3_仕訳日記帳'!F14)
A12: =IF('3_仕訳日記帳'!A15="","",ROW()-1) | C12: =IF('3_仕訳日記帳'!A15="","",'3_仕訳日記帳'!A15) | D12: =IF('3_仕訳日記帳'!A15="","",'3_仕訳日記帳'!B15) | H12: =IF('3_仕訳日記帳'!A15="","","対象外") | I12: =IF('3_仕訳日記帳'!A15="","",'3_仕訳日記帳'!C15) | K12: =IF('3_仕訳日記帳'!A15="","",'3_仕訳日記帳'!D15) | O12: =IF('3_仕訳日記帳'!A15="","","対象外") | P12: =IF('3_仕訳日記帳'!A15="","",'3_仕訳日記帳'!E15) | R12: =IF('3_仕訳日記帳'!A15="","",'3_仕訳日記帳'!F15)
A13: =IF('3_仕訳日記帳'!A16="","",ROW()-1) | C13: =IF('3_仕訳日記帳'!A16="","",'3_仕訳日記帳'!A16) | D13: =IF('3_仕訳日記帳'!A16="","",'3_仕訳日記帳'!B16) | H13: =IF('3_仕訳日記帳'!A16="","","対象外") | I13: =IF('3_仕訳日記帳'!A16="","",'3_仕訳日記帳'!C16) | K13: =IF('3_仕訳日記帳'!A16="","",'3_仕訳日記帳'!D16) | O13: =IF('3_仕訳日記帳'!A16="","","対象外") | P13: =IF('3_仕訳日記帳'!A16="","",'3_仕訳日記帳'!E16) | R13: =IF('3_仕訳日記帳'!A16="","",'3_仕訳日記帳'!F16)
... A99: =IF('3_仕訳日記帳'!A102="","",ROW()-1) | C99: =IF('3_仕訳日記帳'!A102="","",'3_仕訳日記帳'!A102) | D99: =IF('3_仕訳日記帳'!A102="","",'3_仕訳日記帳'!B102) | H99: =IF('3_仕訳日記帳'!A102="","","対象外") | I99: =IF('3_仕訳日記帳'!A102="","",'3_仕訳日記帳'!C102) | K99: =IF('3_仕訳日記帳'!A102="","",'3_仕訳日記帳'!D102) | O99: =IF('3_仕訳日記帳'!A102="","","対象外") | P99: =IF('3_仕訳日記帳'!A102="","",'3_仕訳日記帳'!E102) | R99: =IF('3_仕訳日記帳'!A102="","",'3_仕訳日記帳'!F102)

Sheet マネーフォワードインポート
A1: 取引No | B1: 取引日 | C1: 借方勘定科目 | D1: 借方補助科目 | E1: 借方部門 | F1: 借方税区分 | G1: 借方金額(円) | H1: 借方税額 | I1: 貸方勘定科目 | J1: 貸方補助科目 | K1: 貸方部門 | L1: 貸方税区分 | M1: 貸方金額(円) | N1: 貸方税額 | O1: 摘要 | P1: 仕訳メモ | Q1: 付箋1 | R1: 付箋2
A2: =IF('3_仕訳日記帳'!A5="","",ROW()-1) -> 1 | B2: =IF('3_仕訳日記帳'!A5="","",'3_仕訳日記帳'!A5) -> 2026/1/5 | C2: =IF('3_仕訳日記帳'!A5="","",'3_仕訳日記帳'!B5) -> 仕入金額 | F2: =IF('3_仕訳日記帳'!A5="","","対象外") -> 対象外 | G2: =IF('3_仕訳日記帳'!A5="","",'3_仕訳日記帳'!C5) -> 20000 | I2: =IF('3_仕訳日記帳'!A5="","",'3_仕訳日記帳'!D5) -> 普通預金 | L2: =IF('3_仕訳日記帳'!A5="","","対象外") -> 対象外 | M2: =IF('3_仕訳日記帳'!A5="","",'3_仕訳日記帳'!E5) -> 20000 | O2: =IF('3_仕訳日記帳'!A5="","",'3_仕訳日記帳'!F5) -> A社から仕入
A3: =IF('3_仕訳日記帳'!A6="","",ROW()-1) -> 2 | B3: =IF('3_仕訳日記帳'!A6="","",'3_仕訳日記帳'!A6) -> 2026/1/10 | C3: =IF('3_仕訳日記帳'!A6="","",'3_仕訳日記帳'!B6) -> 普通預金 | F3: =IF('3_仕訳日記帳'!A6="","","対象外") -> 対象外 | G3: =IF('3_仕訳日記帳'!A6="","",'3_仕訳日記帳'!C6) -> 100000 | I3: =IF('3_仕訳日記帳'!A6="","",'3_仕訳日記帳'!D6) -> 売上(収入)金額 | L3: =IF('3_仕訳日記帳'!A6="","","対象外") -> 対象外 | M3: =IF('3_仕訳日記帳'!A6="","",'3_仕訳日記帳'!E6) -> 100000 | O3: =IF('3_仕訳日記帳'!A6="","",'3_仕訳日記帳'!F6) -> B社売上
A4: =IF('3_仕訳日記帳'!A7="","",ROW()-1) -> 3 | B4: =IF('3_仕訳日記帳'!A7="","",'3_仕訳日記帳'!A7) -> 2026/1/15 | C4: =IF('3_仕訳日記帳'!A7="","",'3_仕訳日記帳'!B7) -> 普通預金 | F4: =IF('3_仕訳日記帳'!A7="","","対象外") -> 対象外 | G4: =IF('3_仕訳日記帳'!A7="","",'3_仕訳日記帳'!C7) -> 50000 | I4: =IF('3_仕訳日記帳'!A7="","",'3_仕訳日記帳'!D7) -> 現金 | L4: =IF('3_仕訳日記帳'!A7="","","対象外") -> 対象外 | M4: =IF('3_仕訳日記帳'!A7="","",'3_仕訳日記帳'!E7) -> 50000 | O4: =IF('3_仕訳日記帳'!A7="","",'3_仕訳日記帳'!F7) -> 口座から引出
A5: =IF('3_仕訳日記帳'!A8="","",ROW()-1) | B5: =IF('3_仕訳日記帳'!A8="","",'3_仕訳日記帳'!A8) | C5: =IF('3_仕訳日記帳'!A8="","",'3_仕訳日記帳'!B8) | F5: =IF('3_仕訳日記帳'!A8="","","対象外") | G5: =IF('3_仕訳日記帳'!A8="","",'3_仕訳日記帳'!C8) | I5: =IF('3_仕訳日記帳'!A8="","",'3_仕訳日記帳'!D8) | L5: =IF('3_仕訳日記帳'!A8="","","対象外") | M5: =IF('3_仕訳日記帳'!A8="","",'3_仕訳日記帳'!E8) | O5: =IF('3_仕訳日記帳'!A8="","",'3_仕訳日記帳'!F8)
A6: =IF('3_仕訳日記帳'!A9="","",ROW()-1) | B6: =IF('3_仕訳日記帳'!A9="","",'3_仕訳日記帳'!A9) | C6: =IF('3_仕訳日記帳'!A9="","",'3_仕訳日記帳'!B9) | F6: =IF('3_仕訳日記帳'!A9="","","対象外") | G6: =IF('3_仕訳日記帳'!A9="","",'3_仕訳日記帳'!C9) | I6: =IF('3_仕訳日記帳'!A9="","",'3_仕訳日記帳'!D9) | L6: =IF('3_仕訳日記帳'!A9="","","対象外") | M6: =IF('3_仕訳日記帳'!A9="","",'3_仕訳日記帳'!E9) | O6: =IF('3_仕訳日記帳'!A9="","",'3_仕訳日記帳'!F9)
A7: =IF('3_仕訳日記帳'!A10="","",ROW()-1) | B7: =IF('3_仕訳日記帳'!A10="","",'3_仕訳日記帳'!A10) | C7: =IF('3_仕訳日記帳'!A10="","",'3_仕訳日記帳'!B10) | F7: =IF('3_仕訳日記帳'!A10="","","対象外") | G7: =IF('3_仕訳日記帳'!A10="","",'3_仕訳日記帳'!C10) | I7: =IF('3_仕訳日記帳'!A10="","",'3_仕訳日記帳'!D10) | L7: =IF('3_仕訳日記帳'!A10="","","対象外") | M7: =IF('3_仕訳日記帳'!A10="","",'3_仕訳日記帳'!E10) | O7: =IF('3_仕訳日記帳'!A10="","",'3_仕訳日記帳'!F10)
A8: =IF('3_仕訳日記帳'!A11="","",ROW()-1) | B8: =IF('3_仕訳日記帳'!A11="","",'3_仕訳日記帳'!A11) | C8: =IF('3_仕訳日記帳'!A11="","",'3_仕訳日記帳'!B11) | F8: =IF('3_仕訳日記帳'!A11="","","対象外") | G8: =IF('3_仕訳日記帳'!A11="","",'3_仕訳日記帳'!C11) | I8: =IF('3_仕訳日記帳'!A11="","",'3_仕訳日記帳'!D11) | L8: =IF('3_仕訳日記帳'!A11="","","対象外") | M8: =IF('3_仕訳日記帳'!A11="","",'3_仕訳日記帳'!E11) | O8: =IF('3_仕訳日記帳'!A11="","",'3_仕訳日記帳'!F11)
A9: =IF('3_仕訳日記帳'!A12="","",ROW()-1) | B9: =IF('3_仕訳日記帳'!A12="","",'3_仕訳日記帳'!A12) | C9: =IF('3_仕訳日記帳'!A12="","",'3_仕訳日記帳'!B12) | F9: =IF('3_仕訳日記帳'!A12="","","対象外") | G9: =IF('3_仕訳日記帳'!A12="","",'3_仕訳日記帳'!C12) | I9: =IF('3_仕訳日記帳'!A12="","",'3_仕訳日記帳'!D12) | L9: =IF('3_仕訳日記帳'!A12="","","対象外") | M9: =IF('3_仕訳日記帳'!A12="","",'3_仕訳日記帳'!E12) | O9: =IF('3_仕訳日記帳'!A12="","",'3_仕訳日記帳'!F12)
A10: =IF('3_仕訳日記帳'!A13="","",ROW()-1) | B10: =IF('3_仕訳日記帳'!A13="","",'3_仕訳日記帳'!A13) | C10: =IF('3_仕訳日記帳'!A13="","",'3_仕訳日記帳'!B13) | F10: =IF('3_仕訳日記帳'!A13="","","対象外") | G10: =IF('3_仕訳日記帳'!A13="","",'3_仕訳日記帳'!C13) | I10: =IF('3_仕訳日記帳'!A13="","",'3_仕訳日記帳'!D13) | L10: =IF('3_仕訳日記帳'!A13="","","対象外") | M10: =IF('3_仕訳日記帳'!A13="","",'3_仕訳日記帳'!E13) | O10: =IF('3_仕訳日記帳'!A13="","",'3_仕訳日記帳'!F13)
A11: =IF('3_仕訳日記帳'!A14="","",ROW()-1) | B11: =IF('3_仕訳日記帳'!A14="","",'3_仕訳日記帳'!A14) | C11: =IF('3_仕訳日記帳'!A14="","",'3_仕訳日記帳'!B14) | F11: =IF('3_仕訳日記帳'!A14="","","対象外") | G11: =IF('3_仕訳日記帳'!A14="","",'3_仕訳日記帳'!C14) | I11: =IF('3_仕訳日記帳'!A14="","",'3_仕訳日記帳'!D14) | L11: =IF('3_仕訳日記帳'!A14="","","対象外") | M11: =IF('3_仕訳日記帳'!A14="","",'3_仕訳日記帳'!E14) | O11: =IF('3_仕訳日記帳'!A14="","",'3_仕訳日記帳'!F14)
A12: =IF('3_仕訳日記帳'!A15="","",ROW()-1) | B12: =IF('3_仕訳日記帳'!A15="","",'3_仕訳日記帳'!A15) | C12: =IF('3_仕訳日記帳'!A15="","",'3_仕訳日記帳'!B15) | F12: =IF('3_仕訳日記帳'!A15="","","対象外") | G12: =IF('3_仕訳日記帳'!A15="","",'3_仕訳日記帳'!C15) | I12: =IF('3_仕訳日記帳'!A15="","",'3_仕訳日記帳'!D15) | L12: =IF('3_仕訳日記帳'!A15="","","対象外") | M12: =IF('3_仕訳日記帳'!A15="","",'3_仕訳日記帳'!E15) | O12: =IF('3_仕訳日記帳'!A15="","",'3_仕訳日記帳'!F15)
A13: =IF('3_仕訳日記帳'!A16="","",ROW()-1) | B13: =IF('3_仕訳日記帳'!A16="","",'3_仕訳日記帳'!A16) | C13: =IF('3_仕訳日記帳'!A16="","",'3_仕訳日記帳'!B16) | F13: =IF('3_仕訳日記帳'!A16="","","対象外") | G13: =IF('3_仕訳日記帳'!A16="","",'3_仕訳日記帳'!C16) | I13: =IF('3_仕訳日記帳'!A16="","",'3_仕訳日記帳'!D16) | L13: =IF('3_仕訳日記帳'!A16="","","対象外") | M13: =IF('3_仕訳日記帳'!A16="","",'3_仕訳日記帳'!E16) | O13: =IF('3_仕訳日記帳'!A16="","",'3_仕訳日記帳'!F16)
... A99: =IF('3_仕訳日記帳'!A102="","",ROW()-1) | B99: =IF('3_仕訳日記帳'!A102="","",'3_仕訳日記帳'!A102) | C99: =IF('3_仕訳日記帳'!A102="","",'3_仕訳日記帳'!B102) | F99: =IF('3_仕訳日記帳'!A102="","","対象外") | G99: =IF('3_仕訳日記帳'!A102="","",'3_仕訳日記帳'!C102) | I99: =IF('3_仕訳日記帳'!A102="","",'3_仕訳日記帳'!D102) | L99: =IF('3_仕訳日記帳'!A102="","","対象外") | M99: =IF('3_仕訳日記帳'!A102="","",'3_仕訳日記帳'!E102) | O99: =IF('3_仕訳日記帳'!A102="","",'3_仕訳日記帳'!F102)

Sheet 弥生インポート
A1: 識別フラグ | B1: 伝票No | C1: 決算 | D1: 取引日付 | E1: 借方勘定科目 | F1: 借方補助科目 | G1: 借方部門 | H1: 借方税区分 | I1: 借方金額 | J1: 借方税額 | K1: 貸方勘定科目 | L1: 貸方補助科目 | M1: 貸方部門 | N1: 貸方税区分 | O1: 貸方金額 | P1: 貸方税額 | Q1: 摘要 | R1: 番号 | S1: 期日 | T1: タイプ | U1: 生成元 | V1: 仕訳メモ | W1: 付箋1 | X1: 付箋2 | Y1: 調整
A2: =IF('3_仕訳日記帳'!A5="","","2000") -> 2000 | D2: =IF('3_仕訳日記帳'!A5="","",'3_仕訳日記帳'!A5) -> 2026/1/5 | E2: =IF('3_仕訳日記帳'!A5="","",'3_仕訳日記帳'!B5) -> 仕入金額 | H2: =IF('3_仕訳日記帳'!A5="","","対象外") -> 対象外 | I2: =IF('3_仕訳日記帳'!A5="","",'3_仕訳日記帳'!C5) -> 20000 | K2: =IF('3_仕訳日記帳'!A5="","",'3_仕訳日記帳'!D5) -> 普通預金 | N2: =IF('3_仕訳日記帳'!A5="","","対象外") -> 対象外 | O2: =IF('3_仕訳日記帳'!A5="","",'3_仕訳日記帳'!E5) -> 20000 | Q2: =IF('3_仕訳日記帳'!A5="","",'3_仕訳日記帳'!F5) -> A社から仕入 | T2: =IF('3_仕訳日記帳'!A5="","","0") -> 0
A3: =IF('3_仕訳日記帳'!A6="","","2000") -> 2000 | D3: =IF('3_仕訳日記帳'!A6="","",'3_仕訳日記帳'!A6) -> 2026/1/10 | E3: =IF('3_仕訳日記帳'!A6="","",'3_仕訳日記帳'!B6) -> 普通預金 | H3: =IF('3_仕訳日記帳'!A6="","","対象外") -> 対象外 | I3: =IF('3_仕訳日記帳'!A6="","",'3_仕訳日記帳'!C6) -> 100000 | K3: =IF('3_仕訳日記帳'!A6="","",'3_仕訳日記帳'!D6) -> 売上(収入)金額 | N3: =IF('3_仕訳日記帳'!A6="","","対象外") -> 対象外 | O3: =IF('3_仕訳日記帳'!A6="","",'3_仕訳日記帳'!E6) -> 100000 | Q3: =IF('3_仕訳日記帳'!A6="","",'3_仕訳日記帳'!F6) -> B社売上 | T3: =IF('3_仕訳日記帳'!A6="","","0") -> 0
A4: =IF('3_仕訳日記帳'!A7="","","2000") -> 2000 | D4: =IF('3_仕訳日記帳'!A7="","",'3_仕訳日記帳'!A7) -> 2026/1/15 | E4: =IF('3_仕訳日記帳'!A7="","",'3_仕訳日記帳'!B7) -> 普通預金 | H4: =IF('3_仕訳日記帳'!A7="","","対象外") -> 対象外 | I4: =IF('3_仕訳日記帳'!A7="","",'3_仕訳日記帳'!C7) -> 50000 | K4: =IF('3_仕訳日記帳'!A7="","",'3_仕訳日記帳'!D7) -> 現金 | N4: =IF('3_仕訳日記帳'!A7="","","対象外") -> 対象外 | O4: =IF('3_仕訳日記帳'!A7="","",'3_仕訳日記帳'!E7) -> 50000 | Q4: =IF('3_仕訳日記帳'!A7="","",'3_仕訳日記帳'!F7) -> 口座から引出 | T4: =IF('3_仕訳日記帳'!A7="","","0") -> 0
A5: =IF('3_仕訳日記帳'!A8="","","2000") | D5: =IF('3_仕訳日記帳'!A8="","",'3_仕訳日記帳'!A8) | E5: =IF('3_仕訳日記帳'!A8="","",'3_仕訳日記帳'!B8) | H5: =IF('3_仕訳日記帳'!A8="","","対象外") | I5: =IF('3_仕訳日記帳'!A8="","",'3_仕訳日記帳'!C8) | K5: =IF('3_仕訳日記帳'!A8="","",'3_仕訳日記帳'!D8) | N5: =IF('3_仕訳日記帳'!A8="","","対象外") | O5: =IF('3_仕訳日記帳'!A8="","",'3_仕訳日記帳'!E8) | Q5: =IF('3_仕訳日記帳'!A8="","",'3_仕訳日記帳'!F8) | T5: =IF('3_仕訳日記帳'!A8="","","0")
A6: =IF('3_仕訳日記帳'!A9="","","2000") | D6: =IF('3_仕訳日記帳'!A9="","",'3_仕訳日記帳'!A9) | E6: =IF('3_仕訳日記帳'!A9="","",'3_仕訳日記帳'!B9) | H6: =IF('3_仕訳日記帳'!A9="","","対象外") | I6: =IF('3_仕訳日記帳'!A9="","",'3_仕訳日記帳'!C9) | K6: =IF('3_仕訳日記帳'!A9="","",'3_仕訳日記帳'!D9) | N6: =IF('3_仕訳日記帳'!A9="","","対象外") | O6: =IF('3_仕訳日記帳'!A9="","",'3_仕訳日記帳'!E9) | Q6: =IF('3_仕訳日記帳'!A9="","",'3_仕訳日記帳'!F9) | T6: =IF('3_仕訳日記帳'!A9="","","0")
A7: =IF('3_仕訳日記帳'!A10="","","2000") | D7: =IF('3_仕訳日記帳'!A10="","",'3_仕訳日記帳'!A10) | E7: =IF('3_仕訳日記帳'!A10="","",'3_仕訳日記帳'!B10) | H7: =IF('3_仕訳日記帳'!A10="","","対象外") | I7: =IF('3_仕訳日記帳'!A10="","",'3_仕訳日記帳'!C10) | K7: =IF('3_仕訳日記帳'!A10="","",'3_仕訳日記帳'!D10) | N7: =IF('3_仕訳日記帳'!A10="","","対象外") | O7: =IF('3_仕訳日記帳'!A10="","",'3_仕訳日記帳'!E10) | Q7: =IF('3_仕訳日記帳'!A10="","",'3_仕訳日記帳'!F10) | T7: =IF('3_仕訳日記帳'!A10="","","0")
A8: =IF('3_仕訳日記帳'!A11="","","2000") | D8: =IF('3_仕訳日記帳'!A11="","",'3_仕訳日記帳'!A11) | E8: =IF('3_仕訳日記帳'!A11="","",'3_仕訳日記帳'!B11) | H8: =IF('3_仕訳日記帳'!A11="","","対象外") | I8: =IF('3_仕訳日記帳'!A11="","",'3_仕訳日記帳'!C11) | K8: =IF('3_仕訳日記帳'!A11="","",'3_仕訳日記帳'!D11) | N8: =IF('3_仕訳日記帳'!A11="","","対象外") | O8: =IF('3_仕訳日記帳'!A11="","",'3_仕訳日記帳'!E11) | Q8: =IF('3_仕訳日記帳'!A11="","",'3_仕訳日記帳'!F11) | T8: =IF('3_仕訳日記帳'!A11="","","0")
A9: =IF('3_仕訳日記帳'!A12="","","2000") | D9: =IF('3_仕訳日記帳'!A12="","",'3_仕訳日記帳'!A12) | E9: =IF('3_仕訳日記帳'!A12="","",'3_仕訳日記帳'!B12) | H9: =IF('3_仕訳日記帳'!A12="","","対象外") | I9: =IF('3_仕訳日記帳'!A12="","",'3_仕訳日記帳'!C12) | K9: =IF('3_仕訳日記帳'!A12="","",'3_仕訳日記帳'!D12) | N9: =IF('3_仕訳日記帳'!A12="","","対象外") | O9: =IF('3_仕訳日記帳'!A12="","",'3_仕訳日記帳'!E12) | Q9: =IF('3_仕訳日記帳'!A12="","",'3_仕訳日記帳'!F12) | T9: =IF('3_仕訳日記帳'!A12="","","0")
A10: =IF('3_仕訳日記帳'!A13="","","2000") | D10: =IF('3_仕訳日記帳'!A13="","",'3_仕訳日記帳'!A13) | E10: =IF('3_仕訳日記帳'!A13="","",'3_仕訳日記帳'!B13) | H10: =IF('3_仕訳日記帳'!A13="","","対象外") | I10: =IF('3_仕訳日記帳'!A13="","",'3_仕訳日記帳'!C13) | K10: =IF('3_仕訳日記帳'!A13="","",'3_仕訳日記帳'!D13) | N10: =IF('3_仕訳日記帳'!A13="","","対象外") | O10: =IF('3_仕訳日記帳'!A13="","",'3_仕訳日記帳'!E13) | Q10: =IF('3_仕訳日記帳'!A13="","",'3_仕訳日記帳'!F13) | T10: =IF('3_仕訳日記帳'!A13="","","0")
A11: =IF('3_仕訳日記帳'!A14="","","2000") | D11: =IF('3_仕訳日記帳'!A14="","",'3_仕訳日記帳'!A14) | E11: =IF('3_仕訳日記帳'!A14="","",'3_仕訳日記帳'!B14) | H11: =IF('3_仕訳日記帳'!A14="","","対象外") | I11: =IF('3_仕訳日記帳'!A14="","",'3_仕訳日記帳'!C14) | K11: =IF('3_仕訳日記帳'!A14="","",'3_仕訳日記帳'!D14) | N11: =IF('3_仕訳日記帳'!A14="","","対象外") | O11: =IF('3_仕訳日記帳'!A14="","",'3_仕訳日記帳'!E14) | Q11: =IF('3_仕訳日記帳'!A14="","",'3_仕訳日記帳'!F14) | T11: =IF('3_仕訳日記帳'!A14="","","0")
A12: =IF('3_仕訳日記帳'!A15="","","2000") | D12: =IF('3_仕訳日記帳'!A15="","",'3_仕訳日記帳'!A15) | E12: =IF('3_仕訳日記帳'!A15="","",'3_仕訳日記帳'!B15) | H12: =IF('3_仕訳日記帳'!A15="","","対象外") | I12: =IF('3_仕訳日記帳'!A15="","",'3_仕訳日記帳'!C15) | K12: =IF('3_仕訳日記帳'!A15="","",'3_仕訳日記帳'!D15) | N12: =IF('3_仕訳日記帳'!A15="","","対象外") | O12: =IF('3_仕訳日記帳'!A15="","",'3_仕訳日記帳'!E15) | Q12: =IF('3_仕訳日記帳'!A15="","",'3_仕訳日記帳'!F15) | T12: =IF('3_仕訳日記帳'!A15="","","0")
A13: =IF('3_仕訳日記帳'!A16="","","2000") | D13: =IF('3_仕訳日記帳'!A16="","",'3_仕訳日記帳'!A16) | E13: =IF('3_仕訳日記帳'!A16="","",'3_仕訳日記帳'!B16) | H13: =IF('3_仕訳日記帳'!A16="","","対象外") | I13: =IF('3_仕訳日記帳'!A16="","",'3_仕訳日記帳'!C16) | K13: =IF('3_仕訳日記帳'!A16="","",'3_仕訳日記帳'!D16) | N13: =IF('3_仕訳日記帳'!A16="","","対象外") | O13: =IF('3_仕訳日記帳'!A16="","",'3_仕訳日記帳'!E16) | Q13: =IF('3_仕訳日記帳'!A16="","",'3_仕訳日記帳'!F16) | T13: =IF('3_仕訳日記帳'!A16="","","0")
... A99: =IF('3_仕訳日記帳'!A102="","","2000") | D99: =IF('3_仕訳日記帳'!A102="","",'3_仕訳日記帳'!A102) | E99: =IF('3_仕訳日記帳'!A102="","",'3_仕訳日記帳'!B102) | H99: =IF('3_仕訳日記帳'!A102="","","対象外") | I99: =IF('3_仕訳日記帳'!A102="","",'3_仕訳日記帳'!C102) | K99: =IF('3_仕訳日記帳'!A102="","",'3_仕訳日記帳'!D102) | N99: =IF('3_仕訳日記帳'!A102="","","対象外") | O99: =IF('3_仕訳日記帳'!A102="","",'3_仕訳日記帳'!E102) | Q99: =IF('3_仕訳日記帳'!A102="","",'3_仕訳日記帳'!F102) | T99: =IF('3_仕訳日記帳'!A102="","","0")
